AoeStats
← sirgap

Arabia

510234975Analyzed
1v1 RM · 10h ago on Sep 30, 2026· 49m 15s· 2 players
Game mode
Random Map
Map size
Tiny (2 player)
Population
200
Speed
Normal
Resources
Standard
Victory
Conquest
Starting age
Dark Age
Ending age
Imperial Age
RankedLock teamsTeams togetherTeam positionsShared explorationLock speedFull tech treeHidden civsTurbo modeCheats
Victory
Defeat
🇺🇸 Japanese · United States
741
+16
🇦🇷 Teutons · Argentina
739
-16
sirgap
13:27 Feudal Age
14:40 Loom
15:04 Double-Bit Axe
17:32 Wheelbarrow
18:18 Horse Collar
19:05 Fletching
24:00 Castle Age
28:57 Bodkin Arrow
36:42 Forging
36:34 Scale Mail Armor
37:11 Pikeman
40:42 Bloodlines
43:44 Iron Casting
47:13 Loom
Zaknafein615
6:39 Loom
9:52 Feudal Age
9:56 Man-at-Arms
11:28 Double-Bit Axe
20:09 Castle Age
20:18 Crossbowman
22:24 Fletching
23:44 Bodkin Arrow
27:13 Ballistics
27:26 Thumb Ring
29:18 Wheelbarrow
29:40 Gold Mining
31:46 Horse Collar
39:04 Imperial Age
39:37 Arbalester
41:50 Bracer
Connection lost

Rejoining the realm…

Still unreachable

The connection could not be restored.

Session expired

The server has moved on; the page needs a fresh start.